TOP OF THE 1ST |
Spokane Trappers batting - Pitching for District 9 Prawns : LHP David Jackson
|
Pitching: LHP David Jackson
|
|
Batting: LHB Keith Browne
|
0-0: Called Strike 0-1: Called Strike 0-2: Foul Ball, location: 2F 0-2: Ground out U3 (Groundball, 3)
|
Batting: RHB Hyo-sang Yu
|
0-0: Ball 1-0: Called Strike 1-1: Foul Ball, location: 2F 1-2: Strikes out swinging
|
Batting: RHB Ernesto Acosta
|
0-0: Ball 1-0: Foul Ball, location: 2F 1-1: Ball 2-1: Swinging Strike 2-2: Foul Ball, location: 2F 2-2: Ball 3-2: Base on Balls
|
Batting: LHB Juan Cortés
|
0-0: Called Strike 0-1: Foul Ball, location: 2F 0-2: Ball 1-2: Foul Ball, location: 2F 1-2: 2-RUN HOME RUN (Flyball, 7D), Distance : 395 ft
|
Batting: RHB Pedro Guzmán
|
0-0: Foul Ball, location: 2F 0-1: Ball 1-1: Ball 2-1: Ball 3-1: Base on Balls
|
Batting: RHB Ramiro Ross
|
0-0: Fly out, F9 (Line Drive, 9S)
|
Top of the 1st over - 2 run(s), 1 hit(s), 0 error(s), 1 left on base; Spokane 2 - District 9 0 |
BOTTOM OF THE 1ST |
District 9 Prawns batting - Pitching for Spokane Trappers : LHP Pedro Mata
|
Pitching: LHP Pedro Mata
|
|
Batting: RHB Alonso Holguín
|
0-0: Foul Ball, location: 2F 0-1: Called Strike 0-2: Foul Ball, location: 2F 0-2: Ground out 4-3 (Groundball, 4)
|
Batting: RHB Marcos Moreno
|
0-0: Called Strike 0-1: Foul Ball, location: 2F 0-2: Foul Ball, location: 2F 0-2: Ball 1-2: Hit by Pitch
|
Batting: LHB Leland Hardy
|
0-0: Called Strike 0-1: Foul Ball, location: 2F 0-2: Ball 1-2: Strikes out looking
|
Batting: LHB Ryan Hensley
|
0-0: Ball 1-0: Fly out, F9 (Line Drive, 9M)
|
Bottom of the 1st over - 0 run(s), 0 hit(s), 0 error(s), 1 left on base; Spokane 2 - District 9 0 |
TOP OF THE 2ND |
Spokane Trappers batting - Pitching for District 9 Prawns : LHP David Jackson
|
Batting: RHB Félix Tremblay
|
0-0: Ball 1-0: Foul Ball, location: 2F 1-1: Foul Ball, location: 2F 1-2: Strikes out swinging
|
Batting: RHB Clyde Kelley
|
0-0: Ball 1-0: Swinging Strike 1-1: DOUBLE (Flyball, 8LD)
|
Batting: RHB Guy Miller
|
0-0: Ball 1-0: Ground out 6-3 (Groundball, 6M) Clyde Kelley to third
|
Batting: LHB Keith Browne
|
0-0: Ground out 6-3 (Groundball, 6M)
|
Top of the 2nd over - 0 run(s), 1 hit(s), 0 error(s), 1 left on base; Spokane 2 - District 9 0 |
BOTTOM OF THE 2ND |
District 9 Prawns batting - Pitching for Spokane Trappers : LHP Pedro Mata
|
Batting: RHB Mal Snyder
|
0-0: Ball 1-0: Ball 2-0: Called Strike 2-1: Swinging Strike 2-2: Ball 3-2: Base on Balls
|
Batting: RHB Alfredo Cortéz
|
0-0: 2-RUN HOME RUN (Flyball, 7D), Distance : 385 ft
|
Batting: RHB Lúcio García
|
0-0: Called Strike 0-1: Foul Ball, location: 2F 0-2: Foul Ball, location: 2F 0-2: SOLO HOME RUN (Flyball, 8LXD), Distance : 422 ft
|
Batting: RHB Bill Beck
|
0-0: Ball 1-0: Called Strike 1-1: SINGLE (Groundball, 6MD)
|
Batting: RHB Manuel Cortéz
|
0-0: Ball 1-0: Ball 2-0: Ball 3-0: Called Strike 3-1: Fielders Choice at 2nd, 6-4 (Groundball, 6)
|
Batting: RHB Alonso Holguín
|
0-0: Foul Ball, location: 2F 0-1: Ground out 6-3 (Groundball, 6M) Manuel Cortéz to second
|
Batting: RHB Marcos Moreno
|
0-0: Ball 1-0: Ball 2-0: Foul Ball, location: 2F 2-1: Foul Ball, location: 2F 2-2: Ball 3-2: Foul Ball, location: 2F 3-2: Foul Ball, location: 2F 3-2: Foul Ball, location: 2F 3-2: Strikes out swinging
|
Bottom of the 2nd over - 3 run(s), 3 hit(s), 0 error(s), 1 left on base; Spokane 2 - District 9 3 |
TOP OF THE 3RD |
Spokane Trappers batting - Pitching for District 9 Prawns : LHP David Jackson
|
Batting: RHB Hyo-sang Yu
|
0-0: Ball 1-0: Foul Ball, location: 2F 1-1: Ball 2-1: Foul Ball, location: 2F 2-2: Foul Ball, location: 2F 2-2: Foul Ball, location: 2F 2-2: Fly out, F4 (Popup, 4D)
|
Batting: RHB Ernesto Acosta
|
0-0: Foul Ball, location: 2F 0-1: Ball 1-1: Ball 2-1: Ball 3-1: Base on Balls
|
Batting: LHB Juan Cortés
|
0-0: Ball 1-0: Ball 2-0: 2-RUN HOME RUN (Flyball, 9LD), Distance : 368 ft
|
Batting: RHB Pedro Guzmán
|
0-0: Foul Ball, location: 2F 0-1: Called Strike 0-2: Foul Ball, location: 2F 0-2: Fly out, F6 (Line Drive, 6)
|
Batting: RHB Ramiro Ross
|
0-0: Ball 1-0: Foul Ball, location: 2F 1-1: Ground out 6-3 (Groundball, 6M)
|
Top of the 3rd over - 2 run(s), 1 hit(s), 0 error(s), 0 left on base; Spokane 4 - District 9 3 |
BOTTOM OF THE 3RD |
District 9 Prawns batting - Pitching for Spokane Trappers : LHP Pedro Mata
|
Batting: LHB Leland Hardy
|
0-0: Fly out, F4 (Popup, 4MD)
|
Batting: LHB Ryan Hensley
|
0-0: Fly out, F9 (Popup, 9S)
|
Batting: RHB Mal Snyder
|
0-0: Called Strike 0-1: Ball 1-1: Ball 2-1: Swinging Strike 2-2: Ball 3-2: Strikes out swinging
|
Bottom of the 3rd over - 0 run(s), 0 hit(s), 0 error(s), 0 left on base; Spokane 4 - District 9 3 |
TOP OF THE 4TH |
Spokane Trappers batting - Pitching for District 9 Prawns : LHP David Jackson
|
Batting: RHB Félix Tremblay
|
0-0: Ball 1-0: Foul Ball, location: 2F 1-1: Ground out 6-3 (Groundball, 6M)
|
Batting: RHB Clyde Kelley
|
0-0: Called Strike 0-1: Ball 1-1: Fly out, F8 (Popup, 89S)
|
Batting: RHB Guy Miller
|
0-0: Called Strike 0-1: DOUBLE (Line Drive, 7LS)
|
Batting: LHB Keith Browne
|
0-0: Foul Ball, location: 2F 0-1: Ball 1-1: Foul Ball, location: 2F 1-2: Fly out, F7 (Flyball, 7M)
|
Top of the 4th over - 0 run(s), 1 hit(s), 0 error(s), 1 left on base; Spokane 4 - District 9 3 |
BOTTOM OF THE 4TH |
District 9 Prawns batting - Pitching for Spokane Trappers : LHP Pedro Mata
|
Batting: RHB Alfredo Cortéz
|
0-0: Ball 1-0: Ground out 4-3 (Groundball, 4M)
|
Batting: RHB Lúcio García
|
0-0: Fly out, F5 (Line Drive, 56)
|
Batting: RHB Bill Beck
|
0-0: SINGLE (Groundball, 56)
|
Batting: RHB Manuel Cortéz
|
0-0: Fly out, F9 (Flyball, 89D)
|
Bottom of the 4th over - 0 run(s), 1 hit(s), 0 error(s), 1 left on base; Spokane 4 - District 9 3 |
TOP OF THE 5TH |
Spokane Trappers batting - Pitching for District 9 Prawns : LHP David Jackson
|
Batting: RHB Hyo-sang Yu
|
0-0: Ball 1-0: Ball 2-0: Fly out, F3 (Popup, 34)
|
Batting: RHB Ernesto Acosta
|
0-0: Ball 1-0: Ball 2-0: Called Strike 2-1: Foul Ball, location: 2F 2-2: SOLO HOME RUN (Line Drive, 78XD), Distance : 428 ft
|
Batting: LHB Juan Cortés
|
0-0: Ball 1-0: Ball 2-0: Ball 3-0: Base on Balls
|
Batting: RHB Pedro Guzmán
|
0-0: Foul Ball, location: 2F 0-1: Ball 1-1: Ground out 5-3 (Groundball, 5S) Juan Cortés to second
|
Batting: RHB Ramiro Ross
|
0-0: Called Strike Juan Cortés steals 3rd base 0-1: Ball 1-1: Fly out, F5 (Line Drive, 5)
|
Top of the 5th over - 1 run(s), 1 hit(s), 0 error(s), 1 left on base; Spokane 5 - District 9 3 |
BOTTOM OF THE 5TH |
District 9 Prawns batting - Pitching for Spokane Trappers : LHP Pedro Mata
|
Batting: RHB Alonso Holguín
|
0-0: Ball 1-0: Ball 2-0: Called Strike 2-1: Swinging Strike 2-2: Ball 3-2: Foul Ball, location: 2F 3-2: Fly out, F3 (Popup, 23)
|
Batting: RHB Marcos Moreno
|
0-0: Called Strike 0-1: Ball 1-1: Ball 2-1: Fly out, F9 (Flyball, 89M)
|
Batting: LHB Leland Hardy
|
0-0: Ball 1-0: Ball 2-0: SINGLE (Line Drive, 5D)
|
Batting: LHB Ryan Hensley
|
0-0: Foul Ball, location: 2F 0-1: Foul Ball, location: 2F 0-2: Ball Throwing error on steal attempt, E2 Leland Hardy to third 1-2: Ball 2-2: Strikes out swinging
|
Bottom of the 5th over - 0 run(s), 1 hit(s), 1 error(s), 1 left on base; Spokane 5 - District 9 3 |
TOP OF THE 6TH |
Spokane Trappers batting - Pitching for District 9 Prawns : LHP David Jackson
|
Pitching: RHP Augusto Méndez
|
|
Batting: RHB Félix Tremblay
|
0-0: Called Strike 0-1: Ball 1-1: Ball 2-1: Ball 3-1: Foul Ball, location: 2F 3-2: Base on Balls
|
Batting: RHB Clyde Kelley
|
0-0: Foul Ball, location: 2F 0-1: Ball 1-1: Ball 2-1: Ball 3-1: Swinging Strike 3-2: Foul Ball, location: 2F 3-2: Base on Balls Félix Tremblay to second
|
Batting: RHB Guy Miller
|
0-0: Ball 1-0: Called Strike 1-1: DOUBLE (Flyball, 8RXD) Félix Tremblay scores Clyde Kelley to third Runner from 3rd tries for Home, SAFE, no throw or cutoff
|
Batting: LHB Keith Browne
|
0-0: Ball 1-0: Foul Ball, location: 2F 1-1: Swinging Strike 1-2: Ball 2-2: Ball 3-2: Strikes out swinging
|
Batting: RHB Hyo-sang Yu
|
0-0: Ball 1-0: Ground out 6-3 (Groundball, 6)
|
Batting: RHB Ernesto Acosta
|
0-0: Ball 1-0: Ball 2-0: Called Strike 2-1: Ground out 5-3 (Groundball, 5L)
|
Top of the 6th over - 2 run(s), 1 hit(s), 0 error(s), 1 left on base; Spokane 7 - District 9 3 |
BOTTOM OF THE 6TH |
District 9 Prawns batting - Pitching for Spokane Trappers : LHP Pedro Mata
|
Batting: RHB Mal Snyder
|
0-0: Ball 1-0: Called Strike 1-1: Ball 2-1: Foul Ball, location: 2F 2-2: Strikes out swinging
|
Batting: RHB Alfredo Cortéz
|
0-0: SINGLE (Line Drive, 7S)
|
Batting: RHB Lúcio García
|
0-0: Ball 1-0: Swinging Strike 1-1: Grounds into double play, 6-4-3 (Groundball, 6)
|
Bottom of the 6th over - 0 run(s), 1 hit(s), 0 error(s), 0 left on base; Spokane 7 - District 9 3 |
TOP OF THE 7TH |
Spokane Trappers batting - Pitching for District 9 Prawns : RHP Augusto Méndez
|
Batting: LHB Juan Cortés
|
0-0: Called Strike 0-1: Ball 1-1: Ball 2-1: Ball 3-1: Ground out 6-3 (Groundball, 6)
|
Batting: RHB Pedro Guzmán
|
0-0: Called Strike 0-1: Ball 1-1: Called Strike 1-2: Strikes out looking
|
Batting: RHB Ramiro Ross
|
0-0: Ball 1-0: Fly out, F9 (Flyball, 89M)
|
Top of the 7th over - 0 run(s), 0 hit(s), 0 error(s), 0 left on base; Spokane 7 - District 9 3 |
BOTTOM OF THE 7TH |
District 9 Prawns batting - Pitching for Spokane Trappers : LHP Pedro Mata
|
Batting: RHB Bill Beck
|
0-0: Ball 1-0: Foul Ball, location: 2F 1-1: Fly out, F3 (Popup, 3L)
|
Batting: RHB Manuel Cortéz
|
0-0: Swinging Strike 0-1: Ball 1-1: Foul Ball, location: 2F 1-2: Ball 2-2: Foul Ball, location: 2F 2-2: Strikes out swinging
|
Batting: RHB Alonso Holguín
|
0-0: Called Strike 0-1: Ground out 5-3 (Groundball, 5S)
|
Bottom of the 7th over - 0 run(s), 0 hit(s), 0 error(s), 0 left on base; Spokane 7 - District 9 3 |
TOP OF THE 8TH |
Spokane Trappers batting - Pitching for District 9 Prawns : RHP Augusto Méndez
|
Pitching: RHP Alberto Vega
|
|
Batting: RHB Félix Tremblay
|
0-0: Ball 1-0: Called Strike 1-1: Foul Ball, location: 2F 1-2: Foul Ball, location: 2F 1-2: Foul Ball, location: 2F 1-2: Ball 2-2: Ball 3-2: Foul Ball, location: 2F 3-2: Base on Balls
|
Batting: RHB Clyde Kelley
|
0-0: Sac Bunt - play at first, batter safe! Félix Tremblay to second
|
Batting: RHB Guy Miller
|
0-0: Ball 1-0: DOUBLE (Flyball, 8LXD) Félix Tremblay scores Clyde Kelley to third
|
Batting: LHB Keith Browne
|
0-0: Fly out, F4 (Line Drive, 4) 0-0: Lined into DP, 4-6 (Line Drive, 4)
|
Batting: RHB Hyo-sang Yu
|
0-0: Ball 1-0: Fly out, F8 (Flyball, 8RXD)
|
Top of the 8th over - 1 run(s), 2 hit(s), 0 error(s), 1 left on base; Spokane 8 - District 9 3 |
BOTTOM OF THE 8TH |
District 9 Prawns batting - Pitching for Spokane Trappers : LHP Pedro Mata
|
Pitching: RHP Jake Jones
|
|
Batting: RHB Marcos Moreno
|
0-0: SINGLE (Line Drive, 4M)
|
Batting: LHB Leland Hardy
|
0-0: 2-RUN HOME RUN (Flyball, 8RXD), Distance : 419 ft
|
Batting: LHB Ryan Hensley
|
0-0: Ball 1-0: Fly out, F5 (Line Drive, 5S)
|
Batting: RHB Mal Snyder
|
0-0: Ball 1-0: Swinging Strike 1-1: Foul Ball, location: 2F 1-2: Foul Ball, location: 2F 1-2: Fly out, F8 (Flyball, 8LD)
|
Batting: RHB Alfredo Cortéz
|
0-0: Called Strike 0-1: Ball 1-1: Called Strike 1-2: Fly out, F9 (Flyball, 9D)
|
Bottom of the 8th over - 2 run(s), 2 hit(s), 0 error(s), 0 left on base; Spokane 8 - District 9 5 |
TOP OF THE 9TH |
Spokane Trappers batting - Pitching for District 9 Prawns : RHP Alberto Vega
|
Pitching: RHP Troy Keough
|
|
Batting: RHB Ernesto Acosta
|
0-0: Ball 1-0: Ball 2-0: Fly out, F9 (Flyball, 9S)
|
Batting: LHB Juan Cortés
|
0-0: Ball 1-0: Ball 2-0: Ball 3-0: Base on Balls
|
Batting: RHB Pedro Guzmán
|
0-0: Called Strike 0-1: Ball 1-1: Foul Ball, location: 2F 1-2: Ball 2-2: Foul Ball, location: 2F 2-2: Foul Ball, location: 2F 2-2: Ball 3-2: Strikes out swinging
|
Batting: RHB Ramiro Ross
|
0-0: Ball Juan Cortés is caught stealing 2nd base
|
Top of the 9th over - 0 run(s), 0 hit(s), 0 error(s), 0 left on base; Spokane 8 - District 9 5 |
BOTTOM OF THE 9TH |
District 9 Prawns batting - Pitching for Spokane Trappers : RHP Jake Jones
|
Pitching: RHP José Ortíz
|
|
Batting: RHB Lúcio García
|
0-0: Foul Ball, location: 2F 0-1: Fly out, F2 (Popup, 13S)
|
Batting: RHB Bill Beck
|
0-0: Called Strike 0-1: Called Strike 0-2: Foul Ball, location: 2F 0-2: Ball 1-2: Ball 2-2: Ball 3-2: Strikes out swinging
|
Batting: RHB Manuel Cortéz
|
0-0: Ball 1-0: Ball 2-0: Ball 3-0: Called Strike 3-1: Base on Balls
|
Batting: RHB Alonso Holguín
|
0-0: Called Strike 0-1: Called Strike 0-2: Ball 1-2: Ball 2-2: Strikes out swinging
|
Bottom of the 9th over - 0 run(s), 0 hit(s), 0 error(s), 1 left on base; Spokane 8 - District 9 5 |
|